 Dungeon Crawl Stone Soup version 0.28-a0-1159-g27aa881441 (webtiles) character file.

Game seed: 9672736380219525914

104 BinkBink the Slasher (level 5, -1/33 (41) HPs)
             Began as a Formicid Monk on Dec 15, 2021.
             Was the Champion of Ignis.
             Slain by a necrophage (2 damage)
             ... on level 4 of the Dungeon.
             The game lasted 00:02:36 (2716 turns).

BinkBink the Slasher (Formicid Monk)                Turns: 2716, Time: 00:02:36

HP:   -1/33 (41)    AC:  3    Str: 16    XL:     5   Next: 7%
MP:   5/5           EV: 12    Int:  9    God:    Ignis [******]
Gold: 128           SH:  0    Dex: 15    Spells: 4/4 levels left

rFire   + . .      SeeInvis +   a - +0 falchion
rCold   . . .      Faith    .   (no shield)
rNeg    . . .      Spirit   .   b - +0 robe
rPois   .          Reflect  .   (helmet unavailable)
rElec   .          Harm     .   (no cloak)
rCorr   .          Rampage  .   (no gloves)
Will    .....                   g - +0 pair of boots
Stlth   ++........              (no amulet)
HPRegen 0.11/turn               (no ring)
MPRegen 0.09/turn               (no ring)

@: heavily drained
A: permanent stasis, dig shafts and tunnels, antennae 3, four strong arms
a: Dig, Shaft Self, Renounce Religion, Fiery Armour, Foxfire Swarm, Rising Flame


You were on level 4 of the Dungeon.
You worshipped Ignis.
Ignis was exalted by your worship.
You visited 1 branch of the dungeon, and saw 4 of its levels.

You collected 128 gold pieces.

Inventory:

Hand Weapons
 a - a +0 falchion (weapon)
Armour
 b - a +0 robe (worn)
 g - a +0 pair of boots (worn)
Scrolls
 d - a scroll of noise {unknown}
 e - 2 scrolls of fog {unknown}
 f - a scroll of blinking {unknown}
 h - a scroll of amnesia {unknown}
 i - 3 scrolls of identify {unknown}
 k - 2 scrolls of enchant armour {unknown}
 o - a scroll of acquirement {unknown}
Potions
 c - a potion of mutation {unknown}
 j - 2 potions of flight {unknown}
 l - a potion of curing {unknown}
 m - 2 potions of degeneration {unknown}
 n - 2 potions of might {unknown}


   Skills:
 - Level 3.2 Fighting
 + Level 4.3 Long Blades
 + Level 3.1 Armour
 - Level 2.6 Dodging
 - Level 2.4 Stealth


You had 4 spell levels left.
You didn't know any spells.
Your spell library was empty.

Dungeon Overview and Level Annotations

Branches:
Dungeon (4/15)
 Temple: D:4-7

Altars:
Fedhas
Ignis


Innate Abilities, Weirdness & Mutations

You cannot be hasted, slowed, berserked, paralysed or teleported.
You can dig through walls and to a lower floor.
You have a pair of large antennae on your head. (SInv)
Your four strong arms can wield two-handed weapons with a shield.


Message History

You hit the necrophage.
The necrophage is lightly damaged.
The necrophage barely misses you.
You barely miss the necrophage.
The necrophage is lightly damaged.
The necrophage hits you.
You feel drained.
You hit the necrophage but do no damage.
The necrophage is lightly damaged.
The necrophage hits you.
You slash the necrophage!
The necrophage is moderately damaged.
The necrophage hits you.
You feel drained.
You closely miss the necrophage.
The necrophage is moderately damaged.
The necrophage hits you.
You feel drained.
You closely miss the necrophage.
The necrophage is moderately damaged.
The necrophage hits you.
You barely miss the necrophage.
The necrophage is moderately damaged.
The necrophage hits you.
You feel drained. The necrophage hits you.
You feel drained.
You slash the necrophage!
The necrophage is severely damaged.
The necrophage barely misses you.
You hit the necrophage but do no damage.
The necrophage is severely damaged.
The necrophage closely misses you.
You closely miss the necrophage.
The necrophage is severely damaged.
The necrophage hits you.
* * * LOW HITPOINT WARNING * * *
You feel drained.
* * * LOW HITPOINT WARNING * * *
You hit the necrophage.
The necrophage is almost destroyed.
The necrophage hits you.
* * * LOW HITPOINT WARNING * * *
You feel drained.
You die...

#..........#... #
#..........## .#
##.##...<....... .#
.........###.### .#
##.##.##.# #.####.###
#.##.# #.##.....# #.##.#
#.##.....#.#
#####.##.###.....n....#
..........##.##.@...##
#####.##(.....?........#
.........(....#.....##.#
...................##
#####.##.####.#.#.##
#...........#.###
.....##.######.#
###.####.# #). #. #.# ##


You could see a necrophage.

Vanquished Creatures
  A gnoll (D:1)
  2 adders
  A worm (D:2)
  A dart slug (D:1)
  10 ball pythons
  8 endoplasms
  A giant cockroach (D:1)
  11 goblins
  2 hobgoblins
  3 jackals (D:1)
  9 kobolds
  5 quokkas
  4 bats
  4 rats
62 creatures vanquished.

Vanquished Creatures (others)
  A withered plant (D:1)
1 creature vanquished.

Grand Total: 63 creatures vanquished

Notes
Turn   | Place    | Note
-------+----------+-------------------------------------------
     0 | D:1      | BinkBink the Formicid Monk began the quest for the Orb.
     0 | D:1      | Reached XP level 1. HP: 18/18 MP: 1/1
    75 | D:1      | Reached skill level 1 in Armour
    75 | D:1      | Reached XP level 2. HP: 11/24 MP: 2/2
   356 | D:1      | Reached XP level 3. HP: 27/29 MP: 3/3
   425 | D:1      | Found a faded altar of an unknown god.
   443 | D:1      | Prayed at the altar of an unknown god.
   443 | D:1      | Became a worshipper of Ignis, the Dying Flame
   443 | D:1      | Reached ****** piety under Ignis
  1432 | D:2      | Reached XP level 4. HP: 35/35 MP: 4/4
  1537 | D:2      | Reached skill level 4 in Long Blades
  2475 | D:3      | Reached XP level 5. HP: 41/41 MP: 5/5
  2544 | D:3      | Found a blossoming altar of Fedhas.
  2699 | D:4      | Noticed a necrophage
  2716 | D:4      | HP: 1/34 [necrophage (5)]
  2716 | D:4      | Slain by a necrophage

Illustrated notes

Levels and vault maps discovered:
D:1:      sevenhm_arrival_forest_fort_large_2, layout_rooms, serial_aquarium,
          aquarium_bridge_island_small [aquarium_subvault_small_water,
          aquarium_subvault_window, aquarium_subvault_bridge,
          aquarium_subvault_bridge, aquarium_subvault_bridge],
          aquarium_window_corner, aquarium_window_1, aquarium_window_3,
          aquarium_window_1, aquarium_view_2c, aquarium_pool_corner,
          ebering_ecumenical_altar_petrified
D:2:      layout_loops_ring
D:3:      layout_rooms, general_overflow_altar, minmay_misc_feat_columns
D:4:      layout_loops_ring, ebering_ghost_sewer_f, minmay_manual_moon

Skill      XL: |  1  2  3  4 |
---------------+-------------+-----
Armour         | 1 2 3 |  3.1
Long Blades    | 4 |  4.3
Fighting       | |  3.2
Dodging        | |  2.6
Stealth        | |  2.4

Action                   |  1- 3 |  4- 6 || total
-------------------------+-------+-------++-------
Melee: Falchion          |    67 |   104 ||   171
 Stab: Sleeping          |     3 |    10 ||    13
Armor: Robe              |     9 |    19 ||    28
Dodge: Dodged            |    54 |    64 ||   118

Table legend: (Time is in decaauts)
 A = Elapsed time spent in this place.
 B = Non-inter-level travel time spent in this place.
 C = Inter-level travel time spent in this place.
 D = Time resting spent in this place.
 E = Time spent auto-exploring this place.
 F = Levels seen in this place.
 G = Mean time per level.
                   A        B        C        D        E       F      G
               +--------+--------+--------+--------+--------+-----+--------+
         Total |   2733 |   2642 |     91 |      0 |   2167 |   4 |  683.2 |
       Dungeon |   2733 |   2642 |     91 |      0 |   2167 |   4 |  683.2 |
               +--------+--------+--------+--------+--------+-----+--------+

Top non-repeatable levels by time:
     D:1: 1377 daAuts
     D:2: 823 daAuts
     D:3: 494 daAuts
     D:4: 37 daAuts
